 Dungeon Crawl Stone Soup version 0.23.2-30-g0e89c35649 (webtiles) character file.

Game seed: 10729977552323400991

122 Kobolds4U the Caller (level 4, 0/24 HPs)
             Began as a Deep Elf Summoner on June 18, 2019.
             Was an Initiate of Okawaru.
             Slain by a hound (3 damage)
             ... on level 4 of the Dungeon.
             The game lasted 00:16:11 (4554 turns).

Kobolds4U the Caller (Deep Elf Summoner)            Turns: 4554, Time: 00:16:11

Health: 0/24       AC:  4    Str:  5    XL:     4   Next: 78%
Magic:  1/10       EV: 13    Int: 20    God:    Okawaru [......]
Gold:   197        SH:  0    Dex: 16    Spells: 6/9 levels left

rFire    . . .     SeeInvis .   e - +0 dagger
rCold    . . .     Gourm    .   (no shield)
rNeg     . . .     Faith    .   b - +0 leather armour
rPois    .         Spirit   .   (no helmet)
rElec    .         Reflect  .   (no cloak)
rCorr    +         Harm     .   (no gloves)
MR       .....                  k - +0 pair of boots
Stlth    ++........             (no amulet)
HPRegen  0.08/turn              (no ring)
MPRegen  0.12/turn              o - ring of resist corrosion

@: very slightly contaminated
A: no striking features
a: Renounce Religion


You were on level 4 of the Dungeon.
You worshipped Okawaru.
Okawaru was noncommittal.
You were hungry.

You visited 2 branches of the dungeon, and saw 5 of its levels.

You collected 197 gold pieces.

Inventory:

Hand Weapons
 e - a +0 dagger (weapon)
Missiles
 h - 33 arrows
Armour
 a - a +0 robe
 b - a +0 leather armour (worn)
 k - a +0 pair of boots (worn)
Jewellery
 l - an uncursed ring of ice
 o - a ring of resist corrosion (right hand)
 q - a +5 ring of intelligence {unknown}
Scrolls
 f - a scroll of immolation {unknown}
 g - a scroll of fog {unknown}
 i - a scroll of teleportation {unknown}
 j - 5 scrolls of identify {unknown}
 m - a scroll of noise {unknown}
 p - 2 scrolls of amnesia {unknown}
 r - a scroll of remove curse {unknown}
 v - a scroll of magic mapping {unknown}
Potions
 d - 2 potions of heal wounds {unknown}
 n - a potion of berserk rage {unknown}
 s - a potion of brilliance {unknown}
 u - a potion of magic {unknown}
Comestibles
 c - 6 rations


   Skills:
 + Level 4.3 Dodging
 - Level 2.4 Stealth
 - Level 3.0 Spellcasting
 + Level 5.9 Summonings


You had 6 spell levels left.
You knew the following spells:

 Your Spells              Type           Power        Failure   Level  Hunger
a - Summon Small Mammal   Summ           ####         1%          1    None
b - Call Imp              Summ           ####....     3%          2    ##.....

Your spell library contained the following spells:

 Spells                   Type           Power        Failure   Level  Hunger
 Call Canine Familiar     Summ           ####....     6%          3    ###....
 Summon Guardian Golem    Hex/Summ       ##......     22%         3    ###....
 Summon Ice Beast         Ice/Summ       ##......     56%         4    ####...
 Summon Lightning Spire   Summ/Air       ##......     56%         4    ####...


Dungeon Overview and Level Annotations

Branches:
Dungeon (4/15)             Temple (1/1) D:4

Altars:
Ashenzari
Cheibriados
Dithmenos
Elyvilon
Fedhas
Gozag
Hepliaklqana
Kikubaaqudgha
Makhleb
Nemelex Xobeh
Okawaru
Qazlal
Ru
Sif Muna
Trog
Uskayaw
Vehumet
Wu Jian
Xom
Yredelemnul
Zin
The Shining One

Annotations:
D:1 exclusion: door
D:4 3 runed translucent doors, voshxx's ghost, novice GrFi


Message History

The hound closely misses you.
There is an open door here.
You see here a +0 club.
Casting: Summon Small Mammal (safe; 1% risk of failure)
Confirm with . or Enter, or press ? or * to list all spells.
You don't know that spell.
Casting: Summon Small Mammal (safe; 1% risk of failure)
Confirm with . or Enter, or press ? or * to list all spells.
A beastly little devil appears in a puff of flame.
The ogre shouts!
You are feeling hungry.
The hound closely misses you. The hound completely misses you.
Your crimson imp hits the hound.
The hound closely misses you.
Your crimson imp hits the ogre.
The hound closely misses you.
Casting: Call Imp (safe; 3% risk of failure)
Confirm with . or Enter, or press ? or * to list all spells.
You don't have enough magic to cast that spell.
The hound bites you.
You die...

#...P.P....#
#..##.##...#
#.P#...#P.##
#....>....##
#.P#...#P..#
#..##.##...#
######...P.P...##
...........#...##
........@.#.....#
........h.#ยง....#
..####..####..###
####(.####..#
#(.....O....#
#....[(#5...# ..
#####.####### ..#
###.##.###..)##..#
#.................


You could see a hound.

Vanquished Creatures
  A leopard gecko (D:2)
  4 orcs
  7 giant cockroaches
  2 goblins
  A hobgoblin (D:2)
  2 jackals (D:2)
  A quokka (D:2)
  2 ball pythons (D:3)
  4 bats
  2 frilled lizards
  2 kobolds
  2 rats (D:3)
30 creatures vanquished.

Vanquished Creatures (collateral kills)
  A hound (D:3)
  An orc priest (D:3)
  2 adders (D:3)
  4 oozes
  4 worms
  2 dart slugs (D:1)
  8 orcs
  4 bats
  2 goblins
  2 hobgoblins (D:1)
  4 jackals
  A ball python (D:1)
  2 frilled lizards (D:1)
  2 rats
39 creatures vanquished.

Vanquished Creatures (others)
  A fungus (D:4)
1 creature vanquished.

Grand Total: 70 creatures vanquished

Notes
Turn   | Place    | Note
-------+----------+-------------------------------------------
     0 | D:1      | Kobolds4U the Deep Elf Summoner began the quest for the
                  | Orb.
     0 | D:1      | Reached XP level 1. HP: 10/10 MP: 6/6
   544 | D:1      | Reached XP level 2. HP: 15/15 MP: 8/8
   678 | D:1      | Reached skill level 5 in Summonings
  1559 | D:2      | Learned a level 2 spell: Call Imp
  1857 | D:2      | Reached XP level 3. HP: 15/19 MP: 9/9
  2927 | D:3      | Found a sparkling altar of Nemelex Xobeh.
  3031 | D:3      | Reached XP level 4. HP: 24/24 MP: 10/10
  3488 | D:3      | Found a sacrificial altar of Ru.
  4285 | D:4      | Found a staircase to the Ecumenical Temple.
  4293 | D:4      | Found a runed translucent gate.
  4293 | D:4      | Found a runed translucent gate.
  4293 | D:4      | Noticed an ogre
  4296 | Temple   | Entered the Ecumenical Temple
  4491 | Temple   | Became a worshipper of Warmaster Okawaru
  4513 | D:4      | Noticed a big kobold
  4513 | D:4      | Noticed a big kobold
  4517 | D:4      | Found a runed translucent gate.
  4517 | D:4      | Noticed voshxx's ghost (novice GrFi)
  4517 | D:4      | Noticed a big kobold
  4554 | D:4      | Slain by a hound

Skill      XL: |  1  2  3  4 |
---------------+-------------+-----
Summonings     | 5 |  5.9
Dodging        | 3 4 |  4.3
Stealth        | |  2.4
Spellcasting   | |  3.0

Action                   |  1- 3 |  4- 6 || total
-------------------------+-------+-------++-------
Melee: Dagger            |   172 |    47 ||   219
       Unarmed           |     2 |       ||     2
 Cast: Summon Small Mamm |    37 |    13 ||    50
       Call Imp          |     9 |    16 ||    25
 Stab: Sleeping          |     4 |       ||     4
  Eat: Chunk             |     7 |     5 ||    12
Armor: Leather armour    |    78 |     5 ||    83
Dodge: Dodged            |   166 |    62 ||   228
